 Dungeon Crawl Stone Soup version 0.30-a0-867-g305f33218d (webtiles) character file.

Game seed: 12178349128476250921

282632 Sobieck the Brawler (level 20, -17/176 HPs)
             Began as a Ghoul Fighter on Mar 8, 2023.
             Was the Champion of Qazlal.
             Demolished by a vampire knight
             ... wielding a +2 heavy great sword
              (43 damage)
             ... while paralysed by a vampire knight
             ... on level 3 of the Vaults on Mar 10, 2023.
             The game lasted 02:21:38 (51140 turns).

Sobieck the Brawler (Ghoul Fighter)                Turns: 51140, Time: 02:21:39

Health: -17/176    AC: 39    Str: 27    XL:     20   Next: 53%
Magic:  29/29      EV:  2    Int:  3    God:    Qazlal [******]
Gold:   2580       SH:  0    Dex: 19    Spells: 19/19 levels left

rFire   . . .      SeeInvis +      - Unarmed
rCold   + + +      Faith    .    l - +3 tower shield {AC+3}
rNeg    + + +      Spirit   .    d - +2 plate armour {rC+}
rPois   ∞          Reflect  +    V - +2 helmet
rElec   .          Rampage  .    U - +1 cloak
rCorr   +                        M - +2 pair of gloves {Dex+3}
Will    +....                    t - +2 pair of boots Stlth
                                 Z - amulet of reflection
HPRegen 0.00/turn                m - ring of see invisible
MPRegen 0.21/turn                B - ring of Ceig {rC+ rCorr Dex+6}

@: paralysed, protected from physical damage, inhibited regen, studying Ranged
Weapons, repel missiles
A: claws 1, cold resistance 1, negative energy resistance 3, inhibited
regeneration, torment resistance 2, devour on kill
}: 2/15 runes: serpentine, barnacled
a: Renounce Religion, Upheaval, Elemental Force, Disaster Area


You were on level 3 of the Vaults.
You worshipped Qazlal.
Qazlal was exalted by your worship.
You visited 7 branches of the dungeon, and saw 35 of its levels.
You also visited: Gauntlet.

You collected 3613 gold pieces.
You spent 1033 gold pieces at shops.


Innate Abilities, Weirdness & Mutations

You are immune to poison.
You have sharp fingernails.
Your flesh is cold resistant. (rC+)
You are immune to negative energy. (rN+++)
You do not regenerate when monsters are visible.
You are immune to unholy pain and torment.
You thrive by killing the living.


   Skills:
 + Level 14.6 Fighting
 + Level 16.3 Armour
 + Level 12.5 Dodging
 + Level 13.4 Shields
 + Level 20.3 Unarmed Combat
 * Level 13.3 Invocations
 - Level 6.0 Evocations


You had 19 spell levels left.
You didn't know any spells.
Your spell library contained the following spells:

 Spells                   Type           Power      Damage    Failure   Level
 Magic Dart               Conj           0%         1d3       100%        1
 Necrotise                Necr           0%         1d4       100%        1
 Sandblast                Erth           0%         2d4       100%        1
 Sting                    Tmut/Pois      0%         1d3       100%        1
 Blink                    Tloc           0%         N/A       100%        2
 Call Imp                 Summ           0%         N/A       100%        2
 Lesser Beckoning         Tloc           0%         N/A       100%        2
 Passwall                 Tmut/Erth      0%         N/A       100%        2
 Static Discharge         Conj/Air       0%         2-2/arc   100%        2
 Call Canine Familiar     Summ           0%         N/A       100%        3
 Gell's Gravitas          Tloc           0%         N/A       100%        3
 Ignite Poison            Fire/Tmut/Pois 0%         N/A       100%        3
 Inner Flame              Hex/Fire       0%         N/A       100%        3
 Mephitic Cloud           Conj/Pois/Air  0%         N/A       100%        3
 Stone Arrow              Conj/Erth      0%         3d7       100%        3
 Summon Guardian Golem    Hex/Summ       0%         N/A       100%        3
 Teleport Other           Tloc           0%         N/A       100%        3
 Vampiric Draining        Necr           0%         2d6       100%        3
 Vhi's Electric Charge    Tloc/Air       0%         N/A       100%        3
 Airstrike                Air            0%         2d(0-16)  100%        4
 Cause Fear               Hex            0%         N/A       100%        4
 Flame Wave               Conj/Fire      0%         2d4       100%        4
 Leda's Liquefaction      Hex/Erth       0%         N/A       100%        4
 Petrify                  Tmut/Erth      0%         N/A       100%        4
 Sticky Flame             Conj/Fire      0%         2d3       100%        4
 Summon Lightning Spire   Summ/Air       0%         N/A       100%        4
 Agony                    Necr           0%         N/A       100%        5
 Arcjolt                  Conj/Air       0%         1d10      100%        5
 Freezing Cloud           Conj/Ice/Air   0%         6-21      100%        5
 Irradiate                Conj/Tmut      0%         3d11      100%        5
 Lee's Rapid Deconstruct  Erth           0%         3d4*      100%        5
 Lightning Bolt           Conj/Air       0%         1d11      100%        5
 Summon Forest            Summ/Tloc      0%         N/A       100%        5
 Summon Mana Viper        Hex/Summ       0%         N/A       100%        5
 Dispersal                Tloc           0%         N/A       100%        6
 Simulacrum               Ice/Necr       0%         N/A       100%        6
 Summon Cactus Giant      Summ           0%         N/A       100%        6
 Orb of Destruction       Conj           0%         9d5       100%        7
 Spellforged Servitor     Conj/Summ      0%         N/A       100%        7
 Discord                  Hex            0%         N/A       100%        8
 Dragon's Call            Summ           0%         N/A       100%        9
 Polar Vortex             Ice            0%         N/A       100%        9
 Beastly Appendage        Tmut           Unusable   N/A       N/A         1
 Sublimation of Blood     Necr           Unusable   N/A       N/A         2
 Wereblood                Tmut           Unusable   N/A       N/A         2
 Spider Form              Tmut/Pois      Unusable   N/A       N/A         3
 Statue Form              Tmut/Erth      Unusable   N/A       N/A         6
 Dragon Form              Tmut           Unusable   N/A       N/A         7

Inventory:

Missiles
 f - 43 boomerangs (quivered) {throwing}
 h - 7 boomerangs of dispersal {=f!fthrowing}
 p - 2 silver boomerangs {throwing}
 w - 8 silver javelins {throwing}
 D - 8 throwing nets {=f!fthrowing}
 G - 17 javelins {throwing}
Armour
 d - a +2 plate armour of cold resistance (worn)
   (You took it off a minotaur in a Gauntlet)
 l - a +3 tower shield of protection (worn)
   (You found it on level 2 of the Snake Pit)
 t - a +2 pair of boots (worn)
   (You found it on level 9 of the Dungeon)
 M - a +2 pair of gloves of dexterity (worn)
   (You found it on level 4 of the Snake Pit)
 U - a +1 cloak (worn)
   (You found it on level 2 of the Lair of Beasts)
 V - a +2 helmet (worn)
   (You bought it in a shop on level 2 of the Shoals)
Jewellery
 b - an amulet of guardian spirit
   (You found it on level 5 of the Lair of Beasts)
 c - a ring of protection from fire
   (You found it on level 3 of the Shoals)
 m - a ring of see invisible (left hand)
   (You found it on level 5 of the Lair of Beasts)
 z - a ring of protection from fire
   (You found it on level 3 of the Lair of Beasts)
 B - the ring of Ceig (right hand) {rC+ rCorr Dex+6}
   (You found it in a Gauntlet)

   [ring of dexterity]

   Dex:       It affects your dexterity (+6).
   rC:        It protects you from cold.
   rCorr:     It protects you from acid and corrosion.
 H - a +4 ring of protection
   (You found it on level 13 of the Dungeon)
 P - a ring of willpower
   (You found it on level 6 of the Dungeon)
 Z - an amulet of reflection (around neck)
   (You took it off a yaktaur on level 2 of the Vaults)
Wands
 a - a wand of mindburst (6)
   (You found it on level 8 of the Dungeon)
 k - a wand of charming (21)
   (You found it on level 9 of the Dungeon)
 n - a wand of flame (53)
   (You found it on level 8 of the Dungeon)
 x - a wand of iceblast (5)
   (You found it on level 4 of the Dungeon)
 N - a wand of digging (5)
   (You found it on level 1 of the Lair of Beasts)
 Y - a wand of quicksilver (20)
   (You took it off Erica on level 2 of the Lair of Beasts)
Scrolls
 e - a scroll of silence {!r}
 i - 9 scrolls of vulnerability {!r!r}
 o - 3 scrolls of torment
 u - 2 scrolls of blinking {!r}
 v - 3 scrolls of fear
 C - 4 scrolls of magic mapping {!r}
 I - 27 scrolls of identify {@r1}
 J - 19 scrolls of teleportation {@r4}
 K - 5 scrolls of butterflies
 Q - 4 scrolls of fog
 T - 4 scrolls of poison
 X - 3 scrolls of immolation {!r!r}
Potions
 g - 8 potions of attraction {!q}
 j - 3 potions of heal wounds {@q2}
 q - 2 potions of resistance
 r - 5 potions of flight
 s - 6 potions of ambrosia
 y - 4 potions of might
 E - 10 potions of curing {@q1}
 F - 2 potions of magic
 O - 2 potions of cancellation
 R - 4 potions of haste {@q3}
 S - 3 potions of brilliance
 W - a potion of invisibility
Miscellaneous
 A - a condenser vane
   (You found it on level 11 of the Dungeon)
 L - a lightning rod (4/4)
   (You found it on level 12 of the Dungeon)

Dungeon Overview and Level Annotations

Branches:
Dungeon (15/15) Zot: 24094  Temple (1/1) D:5 Zot: 5761    Lair (5/5) D:10 Zot: 22239
 Shoals (4/4) Lair:3 Zot: 16746   Snake (4/4) Lair:3 Zot: 14924   Slime (0/5) Lair:5
    Orc (2/2) D:10 Zot: 10083     Elf (0/3) Orc:2        Vaults (4/5) D:14 Zot: 18671
 Depths (0/4) D:15        Gauntlet (visited)
  Crypt: Vaults:2-3

Altars:
Ashenzari
Cheibriados
Dithmenos
Fedhas
Gozag
Hepliaklqana
Kikubaaqudgha
Makhleb
Nemelex Xobeh
Okawaru
Qazlal
Ru
Sif Muna
Trog
Uskayaw
Vehumet
Wu Jian
Xom
Yredelemnul
Jiyva

Shops:
D:1 ?   D:9 !   Orc:2 ??([   Shoals:2 (*(*!   Vaults:3 =

Annotations:
D:10 3 runed translucent doors, BubbleThief's ghost, journeyman NaCA
D:14 1 runed translucent door, Ytheofip's ghost, journeyman FoFi
Lair:3 1 runed translucent door, relicbr's ghost, journeyman SpDe
Snake:1 1 runed translucent door, Kemp's ghost, adept MiMo
Snake:3 Roxanne

#.......'.......................
.#.......#..............[........
.#.......#........###############
.#.......#........# #..# .#
.#########........# #..# .#
..................# #..# ..#
..............○...#####..# ..###
...............○V○#......###.....
.....###########@°#.......#......
.....#.........#..######.....#
.....'.........#.§# ##...##
.....'.........#..######.....####
.....#......>..#..#.......#......
.....#...[[[)[)#).'......###.>...
.....+..[[...[[').#####..# #..###
....#####'')#####.# #..# #..#
....# ##<..## #.# #..# #..#


You could see a vampire knight (fast, invisible).


Message History

You hear a horrible gurgling sound! x3
The ice encasing you melts away. You block the flying skull's attack.
You barely miss the flying skull. You block the flying skull's attack.
Unknown command.
You punch the flying skull! You block the flying skull's attack.
You hit the flying skull. You block the flying skull's attack.
You hear some strange, mumbled words.
You block the flying skull's attack.
You miss the flying skull. The ironbound frostheart touches you!
The ironbound frostheart freezes you. You resist.
You block the flying skull's attack.
Unknown command.
You hit the flying skull. You block the flying skull's attack.
You block the ironbound frostheart's attack.
Something hits you!!
Your resistance to cold fades away.
You feel protected from physical attacks.
Something bites you but does no damage.
Unknown command.
You punch the flying skull!
You destroy the flying skull!
Qazlal accepts your kill.
You block the ironbound frostheart's attack.
Something hits you!!! Something bites you!
* * * LOW HITPOINT WARNING * * *
Unknown command.
You punch the ironbound frostheart!
You block the ironbound frostheart's attack.
You pummel the ironbound frostheart!! Something hits you!!
* * * LOW HITPOINT WARNING * * *
You block something's attack.
You hit the ironbound frostheart.
You hear a horrible gurgling sound!
You block something's attack. x2
You block the ironbound frostheart's attack.
You pummel the ironbound frostheart!!
You kill the ironbound frostheart!
Qazlal accepts your kill. You block something's attack. x2
You block something's attack. Something bites you but does no damage.
Things that are here:
a +0 scale mail; a human corpse You block something's attack. x2
Something hits you!!!
* * * LOW HITPOINT WARNING * * *
You block something's attack.
You hear a shout!
You hear some strange, mumbled words.
Something tries to affect you, but you resist.
Unknown command.
Really read
u - 3 scrolls of blinking {!r}?
Blink to where?
Press: ? - help, Dir - move target
As you read the scroll of blinking {!r}, it crumbles to dust.
Danger!
You're wearing all the rings you can.
Remove which one? (? for menu, Esc to cancel) < or
P - a ring of willpower > or
B - the ring of Ceig {rC+ rCorr Dex+6} You remove your ring of willpower.
Reactivating autopickup.
m - a ring of see invisible (left hand) Unknown command.
Unknown command.
The vampire knight casts a spell at you.
The vampire knight blinks!
Your protection from physical attacks is fading.
The vampire knight points at you and mumbles some strange words.
You easily resist.
The vampire knight is engulfed in freezing vapours.
Unknown command.
You feel much better.
The vampire knight is struck by lightning.
You block the vampire knight's attack. x2
You feel much better.
The vampire knight is struck by lightning.
You block the vampire knight's attack. x2
Unknown command.
You pummel the vampire knight!! You block the vampire knight's attack.
The vampire knight barely misses you.
You completely miss the vampire knight.
You feel less protected from physical attacks.
You block the vampire knight's attack. x2
You closely miss the vampire knight.
The vampire knight gestures at you while chanting.
You suddenly lose the ability to move!
The vampire knight hits you with a +2 heavy great sword!
* * * LOW HITPOINT WARNING * * *
You feel protected from physical attacks.
The vampire knight bites you!
* * * LOW HITPOINT WARNING * * *
The vampire knight hits you but does no damage.
The vampire knight bites you.
* * * LOW HITPOINT WARNING * * *
The vampire knight hits you with a +2 heavy great sword!!
* * * LOW HITPOINT WARNING * * *
You feel more protected from physical attacks.
The vampire knight bites you but does no damage.
The vampire knight hits you with a +2 heavy great sword!!!
You die...

Skill      XL: |  1  2  3  4  5  6  7  8  9 10 11 12 13 14 15 16 17 18 19 20 |
---------------+-------------------------------------------------------------+-----
Unarmed Combat | 3 4 5 6 9 10 11 13 15 16 17 18 20 | 20.3
Armour         | 4 6 7 9 11 12 13 14 16 | 16.3
Dodging        | 3 4 6 10 12 | 12.5
Evocations     | 1 3 4 5 6 |  6.0
Fighting       | 4 6 7 8 9 11 12 13 14 | 14.6
Invocations    | 1 6 7 9 12 13 | 13.3
Shields        | 3 5 7 10 11 12 13 | 13.4

Action                     |  1- 3 |  4- 6 |  7- 9 | 10-12 | 13-15 | 16-18 | 19-21 || total
---------------------------+-------+-------+-------+-------+-------+-------+-------++-------
  Melee: Unarmed           |    87 |   168 |   224 |   762 |  1278 |  1647 |   828 ||  4994
  Throw: Boomerang         |    19 |     3 |     3 |     4 |    11 |    23 |       ||    63
 Invoke: Upheaval          |       |       |       |     2 |       |       |     2 ||     4
         Elemental Force   |       |       |       |     1 |       |     5 |     1 ||     7
         Disaster Area     |       |       |       |       |       |     8 |     2 ||    10
  Evoke: Wand              |       |       |       |     6 |     2 |    10 |       ||    18
    Use: Scroll            |     2 |     5 |     5 |    13 |     8 |     4 |     3 ||    40
         Potion            |       |       |     2 |     1 |     4 |     9 |     2 ||    18
   Stab: Paralysed         |       |       |       |       |       |     1 |     3 ||     4
         Distracted        |       |       |       |       |       |     1 |       ||     1
 Armour: Scale mail        |    14 |       |       |       |       |       |       ||    14
         Plate armour      |    16 |    86 |   142 |   545 |   598 |   721 |   321 ||  2429
  Dodge: Dodged            |    22 |    35 |    65 |   255 |   249 |   548 |   220 ||  1394
         Repelled          |       |       |       |     1 |    17 |    55 |     2 ||    75
  Block: Buckler           |     8 |    21 |    41 |   299 |   187 |       |       ||   556
         Kite shield       |       |       |       |       |   813 |  1303 |       ||  2116
         Tower shield      |       |       |       |       |       |   891 |  1181 ||  2072
         Reflection        |       |       |       |       |       |   141 |    11 ||   152

Levels and vault maps discovered:
D:1:      spicycebolla_green_bress_n_ham_2, layout_basic, serial_shops, shop
D:2:      layout_rooms, grunt_decor_cap, chequers_serial_rivers_large_b,
          kennysheep_generic_room_9
D:3:      layout_loops_cross, old_standard_altar, ebering_ghost_sewer_d,
          pf_guarded_unrand_meek
D:4:      layout_loops_corners, kennysheep_nub, minmay_splitting_lines
D:5:      layout_basic, minmay_temple_entry_offerings, uniq_grinder, uniq_pikel
D:6:      layout_basic, abandoned_shop, hangedman_decor_growths,
          dk_rats_in_the_wall
D:7:      layout_gridville, amcnicky_mini_corridor_feature
D:8:      layout_loops_corners, minmay_misc_feat_cross,
          hangedman_abyss_or_decor_stabs, kennysheep_generic_room_5
D:9:      layout_gridville, serial_shops, nicolae_shop_behind_doors,
          hellmonk_bongcloud_opening, uniq_joseph
D:10:     layout_irregular_city, mainiacjoe_overflow_surrounded_room,
          dpeg_oklobed_lair, david_orc_1_choice, gammafunk_ghost_ooze
D:11:     regret_index_bee_streams, layout_basic, uniq_gastronok
D:12:     layout_basic, gauntlet_entry_generic, cheibrodos_worm_habitat
D:13:     layout_basic, nicolae_ru_awakened_eye, uniq_kirke
D:14:     layout_long_grid, david_vaults_1, lemuel_coloured_pillars_altar,
          hellmonk_ghost_happy_afterlife
D:15:     grunt_enter_depths_hoard, layout_loops_corners, hex_medium
Temple:   nicolae_temple_slightly_damp_pantheon
Lair:1:   layout_roguey, nzn_random_ring
Lair:2:   layout_small_grid, lemuel_fruit_tree, uniq_erica
Lair:3:   layout_loops_ring, nicolae_shoals_entry_roost, dummy_snake_entry,
          gammafunk_ghost_grave, disabler_island, uniq_amaemon
Lair:4:   layout_small_grid, serial_bayou_shore_a, grunt_megastairs_4,
          uniq_nessos
Lair:5:   minmay_lair_end_enchanted_forest, layout_cellular_growth,
          nicolae_slime_entry_slimehenge, st_stairs_8
Shoals:1: layout_shoals
Shoals:2: layout_shoals, serial_shops, shop, nicolae_diamond_shop,
          nicolae_shop_trees, shop_statue, shop
Shoals:3: layout_shoals, nicolae_shoals_circle_sea_wall,
          nicolae_shoals_kraken_intersection
Shoals:4: shoals_end_simple, layout_shoals
Snake:1:  cheibrodos_snake_lava_hold, layout_grid_shapes, gammafunk_ghost_grave,
          uniq_aizul
Snake:2:  layout_grid_maze, grunt_ministairs_6, nicolae_coiled_stairwell_up,
          uniq_vashnia
Snake:3:  layout_cave_town, st_stairs_7, nicolae_shop_i_like_big_books,
          nicolae_fountain_basement, uniq_louise, uniq_roxanne
Snake:4:  hellmonk_snake_rune_quicksilver_temple, layout_cave_town,
          ebering_ghost_rock_garden, guppyfry_snake_island
Orc:1:    layout_caves, basic_altar, guppyfry_library_mini, uniq_fannar
Orc:2:    grunt_orc_tribal_feast, layout_caves, nicolae_orc_sculptors_studio,
          uniq_urug
Vaults:1: mu_enter_wizlab_1, nicolae_vaults_angled_halls, v_pattern_1,
          ontoclasm_vaults_spin, st_cross, vaults_room_fours,
          hangedman_vaults_capsules, v_rooms_1, nicolae_vaults_asterisk,
          nicolae_vaults_little_squares_6, hangedman_vaults_snaps,
          nicolae_vaults_rhombus_6, layout_vaults_omnibox, uniq_asterion
Vaults:2: v_misc_12, hangedman_vaults_nails, v_pattern_3,
          nicolae_vaults_border_crossing, v_misc_30, v_misc_26,
          ontoclasm_vaults_twist, layout_vaults_big_room
Vaults:3: v_misc_14, ontoclasm_vaults_misaligned, nicolae_vaults_hallways_thing,
          minmay_crypt_entry_simple_corners, v_misc_29,
          nicolae_vaults_rhombus_6, v_misc_13, vaults_mumra_minichess,
          vaults_dpeg_emergency_exit, ontoclasm_vaults_gateway,
          layout_vaults_omnigrid, serial_shops, shop_fountains, shop, shop_coins
Vaults:4: gammafunk_ghost_arena, nicolae_vaults_big_ls,
          nicolae_vaults_specimen_jars, v_pattern_4,
          hangedman_vaults_stretched_pinwheel, v_misc_27, v_misc_31, v_misc_16,
          dpeg_vaults_waves, v_misc_15, grunt_vaults_focal, v_misc_15,
          ontoclasm_vaults_tryst, layout_vaults_omnicross, uniq_margery

Notes
Turn   | Place    | Note
-------+----------+-------------------------------------------
     0 | D:1      | Sobieck the Ghoul Fighter began the quest for the Orb.
     0 | D:1      | Reached XP level 1. HP: 19/19 MP: 0/0
    24 | D:1      | Reached skill level 3 in Unarmed Combat
    24 | D:1      | Reached XP level 2. HP: 16/26 MP: 1/1
   342 | D:1      | You fall into a shaft and drop 1 floor!
   377 | D:2      | Reached XP level 3. HP: 20/31 MP: 2/2
   479 | D:2      | Reached skill level 4 in Unarmed Combat
   689 | D:1      | Found Aluemer's Magic Scroll Shoppe.
   697 | D:1      | Bought a scroll of identify for 24 gold pieces
  1034 | D:1      | You pick up a book of Hexes and begin reading...
  1034 | D:1      | You add the spells Inner Flame, Cause Fear and Discord to
                  | your library.
  1128 | D:2      | Reached XP level 4. HP: 38/38 MP: 3/3
  1565 | D:3      | Found a runed translucent door.
  1567 | D:3      | Noticed Juicyj's ghost (amateur DjCj)
  1641 | D:3      | Reached skill level 5 in Unarmed Combat
  1746 | D:3      | Found a shadowy altar of Dithmenos.
  2110 | D:3      | HP: 4/38 [orc priest/divine providence (11)]
  2238 | D:3      | Reached XP level 5. HP: 45/45 MP: 4/4
  2289 | D:3      | Found the +7 staff of the Meek {protect, meekguard}
  2628 | D:4      | Reached skill level 6 in Unarmed Combat
  2917 | D:4      | Reached XP level 6. HP: 51/51 MP: 5/5
  3395 | D:5      | Entered Level 5 of the Dungeon
  3519 | D:5      | Noticed Pikel
  3650 | D:4      | Killed Pikel
  3651 | D:4      | Reached skill level 9 in Unarmed Combat
  3651 | D:4      | Reached XP level 7. HP: 30/57 MP: 6/6
  3946 | D:5      | Reached skill level 10 in Unarmed Combat
  3946 | D:5      | Reached XP level 8. HP: 46/63 MP: 7/7
  4027 | D:5      | Found a staircase to the Ecumenical Temple.
  4036 | D:5      | You pick up a book of Geomancy and begin reading...
  4036 | D:5      | You add the spells Sandblast, Passwall and Stone Arrow to
                  | your library.
  4045 | Temple   | Entered the Ecumenical Temple
  4264 | Temple   | Became a worshipper of Qazlal Stormbringer
  4337 | D:5      | Noticed Grinder
  4341 | D:5      | Paralysed by Grinder for 4 turns
  4353 | D:5      | Killed Grinder
  4354 | D:5      | Reached skill level 3 in Armour
  4354 | D:5      | Reached skill level 1 in Dodging
  4354 | D:5      | Reached skill level 1 in Evocations
  4355 | D:5      | Reached skill level 4 in Fighting
  4511 | D:5      | Reached skill level 2 in Dodging
  4931 | D:5      | Reached skill level 4 in Armour
  4931 | D:5      | Reached skill level 3 in Dodging
  4931 | D:5      | Reached XP level 9. HP: 53/73 MP: 8/8
  4933 | D:5      | Reached skill level 5 in Fighting
  5012 | D:6      | Identified the +8 dagger of Qiyhakeff {protect, Will+
                  | Int+3}
  5240 | D:6      | You pick up a book of Dangerous Friends and begin
                  | reading...
  5240 | D:6      | You add the spells Summon Guardian Golem, Orb of
                  | Destruction and Spellforged Servitor to your library.
  5545 | D:7      | Reached * piety under Qazlal
  5546 | D:7      | Reached skill level 11 in Unarmed Combat
  5596 | D:7      | Reached skill level 6 in Fighting
  5738 | D:7      | Reached skill level 5 in Armour
  5897 | D:7      | Reached skill level 6 in Armour
  6439 | D:7      | Reached skill level 1 in Invocations
  6493 | D:7      | Reached XP level 10. HP: 83/83 MP: 10/10
  6509 | D:7      | Reached skill level 2 in Invocations
  6713 | D:7      | Reached skill level 2 in Evocations
  6857 | D:8      | Reached skill level 7 in Armour
  6857 | D:8      | Reached skill level 3 in Invocations
  7087 | D:8      | Reached ** piety under Qazlal
  7378 | D:8      | You add the spells Gell's Gravitas, Teleport Other and
                  | Dispersal to your library.
  7497 | D:8      | Reached skill level 4 in Invocations
  7545 | D:8      | Noticed a two-headed ogre
  7560 | D:8      | Killed a two-headed ogre
  7701 | D:8      | Reached skill level 7 in Fighting
  7948 | D:8      | Reached skill level 5 in Invocations
  7948 | D:8      | Reached skill level 3 in Evocations
  8718 | D:9      | Noticed a cyclops
  8865 | D:9      | Killed a cyclops
  8866 | D:9      | Reached skill level 6 in Invocations
  8866 | D:9      | Reached XP level 11. HP: 76/93 MP: 14/14
  8957 | D:9      | You pick up a book of Lightning and begin reading...
  8957 | D:9      | You add the spells Static Discharge, Vhi's Electric Charge,
                  | Lightning Bolt and Arcjolt to your library.
  9203 | D:9      | Noticed Joseph
  9247 | D:9      | Killed Joseph
  9443 | D:9      | You pick up a book of Necromancy and begin reading...
  9443 | D:9      | You add the spells Necrotise, Vampiric Draining and Agony
                  | to your library.
  9449 | D:9      | You pick up a book of Ice and begin reading...
  9449 | D:9      | You add the spells Freezing Cloud, Simulacrum and Polar
                  | Vortex to your library.
  9470 | D:9      | Found Ajearat's Distillery.
  9473 | D:9      | Bought a potion of resistance for 170 gold pieces
  9516 | D:10     | Entered Level 10 of the Dungeon
  9721 | D:10     | Reached skill level 8 in Fighting
  9721 | D:10     | Reached skill level 12 in Unarmed Combat
  9721 | D:10     | Reached skill level 4 in Evocations
  9749 | D:10     | Reached skill level 8 in Armour
  9807 | D:10     | Found a snail-covered altar of Cheibriados.
  9832 | D:10     | Found a staircase to the Lair.
  9836 | D:10     | Noticed an oklob plant
  9851 | D:10     | Killed an oklob plant
 10094 | D:10     | Found a runed translucent gate.
 10094 | D:10     | Found a runed translucent gate.
 10094 | D:10     | Found a runed translucent gate.
 10094 | D:10     | Noticed BubbleThief's ghost (journeyman NaCA)
 10095 | D:10     | Found a viscous altar of Jiyva.
 10095 | D:10     | Noticed a glowing orange brain
 10163 | D:10     | Found a staircase to the Orcish Mines.
 10204 | D:10     | Reached *** piety under Qazlal
 11073 | D:11     | Gastronok the Ponderous comes into view. He is wearing the
                  | +3 hat of Pondering {ponderous, Will+ MP+10 Int+5}.
 11073 | D:11     | Noticed Gastronok
 11108 | D:11     | Reached skill level 9 in Armour
 11364 | D:11     | Killed Gastronok
 11365 | D:11     | Reached skill level 13 in Unarmed Combat
 11782 | D:11     | Reached XP level 12. HP: 94/101 MP: 15/15
 11799 | D:11     | Reached **** piety under Qazlal
 12056 | D:11     | Reached skill level 10 in Armour
 12206 | D:11     | Reached skill level 14 in Unarmed Combat
 12233 | D:11     | Identified the +1 helmet of Ifuck {Rampage +Blink rCorr
                  | MP-9}
 12268 | D:11     | Noticed a centaur warrior
 12318 | D:11     | HP: 20/101 [centaur warrior/arrow (11)]
 12325 | D:11     | HP: 13/101 [centaur warrior/arrow (8)]
 12584 | D:11     | Killed a centaur warrior
 13486 | D:11     | You pick up a book of Storms and begin reading...
 13486 | D:11     | You add the spells Airstrike and Summon Lightning Spire to
                  | your library.
 13814 | D:12     | Reached skill level 11 in Armour
 13844 | D:12     | Reached skill level 15 in Unarmed Combat
 14031 | D:12     | Found a gate leading to a gauntlet.
 14040 | Gauntlet | Entered a Gauntlet
 14040 | Gauntlet | Noticed a catoblepas
 14040 | Gauntlet | Found a transporter.
 14040 | Gauntlet | Found a transporter.
 14044 | Gauntlet | Found a transporter.
 14044 | Gauntlet | Found a transporter.
 14044 | Gauntlet | Found a transporter.
 14045 | Gauntlet | Found a transporter.
 14055 | Gauntlet | Found a transporter.
 14058 | Gauntlet | Found a transporter.
 14059 | Gauntlet | Found a transporter.
 14059 | Gauntlet | Found a transporter.
 14073 | Gauntlet | Noticed a dire elephant
 14077 | Gauntlet | Found a transporter.
 14184 | Gauntlet | Found a transporter.
 14262 | Gauntlet | Killed a catoblepas
 14263 | Gauntlet | Reached skill level 3 in Shields
 14467 | Gauntlet | You add the spells Sting, Ignite Poison, Petrify and Lee's
                  | Rapid Deconstruction to your library.
 14467 | Gauntlet | Got Sif Muna's Secrets of the Gestalt and the Crater
 14468 | Gauntlet | Identified the ring of Ceig {rC+ rCorr Dex+6}
 14595 | Gauntlet | Noticed a minotaur
 14602 | Gauntlet | Killed a minotaur
 14603 | Gauntlet | Reached skill level 7 in Invocations
 14603 | Gauntlet | Reached XP level 13. HP: 98/108 MP: 17/17
 14907 | D:12     | Found a snail-covered altar of Cheibriados.
 15005 | D:12     | You pick up a book of Minor Magic and begin reading...
 15005 | D:12     | You add the spells Magic Dart, Call Imp and Mephitic Cloud
                  | to your library.
 15391 | Lair:1   | Entered Level 1 of the Lair of Beasts
 15788 | Lair:1   | You pick up a book of Alchemy and begin reading...
 16108 | Lair:1   | Reached ***** piety under Qazlal
 16111 | Lair:1   | Reached skill level 5 in Evocations
 16292 | Lair:1   | Reached skill level 4 in Shields
 16313 | Lair:1   | Reached skill level 8 in Invocations
 16770 | Lair:1   | Reached skill level 9 in Fighting
 17146 | Lair:2   | Noticed Erica
 17154 | Lair:2   | Killed Erica
 17740 | Lair:3   | Found a staircase to the Snake Pit.
 17849 | Lair:3   | Noticed Amaemon
 17936 | Lair:2   | Killed Amaemon
 17937 | Lair:2   | Reached skill level 9 in Invocations
 18054 | Lair:3   | Reached skill level 5 in Shields
 18146 | Lair:3   | Reached XP level 14. HP: 92/118 MP: 20/20
 18288 | Lair:3   | Found a staircase to the Shoals.
 18309 | Lair:3   | Reached skill level 6 in Evocations
 18330 | Lair:3   | Found a runed translucent door.
 18330 | Lair:3   | Noticed relicbr's ghost (journeyman SpDe)
 18378 | Lair:3   | You pick up a book of Flames and begin reading...
 18378 | Lair:3   | You add the spells Sticky Flame and Flame Wave to your
                  | library.
 19526 | Lair:4   | Reached skill level 10 in Invocations
 19715 | Lair:4   | You pick up a book of Hexes and begin reading...
 19819 | Lair:4   | Noticed Nessos
 19821 | Lair:4   | Nessos changed into Nessos the floating eye
 19821 | Lair:4   | Noticed Nessos
 19823 | Lair:4   | Paralysed by Nessos for 2 turns
 19825 | Lair:4   | Killed Nessos the floating eye
 20122 | Lair:4   | Reached skill level 12 in Armour
 20542 | Lair:5   | Entered Level 5 of the Lair of Beasts
 20558 | Lair:5   | Reached skill level 16 in Unarmed Combat
 20665 | Lair:5   | Reached skill level 10 in Fighting
 20750 | Lair:5   | Found a staircase to the Slime Pits.
 20789 | Lair:5   | Reached skill level 6 in Shields
 20883 | Lair:5   | You pick up a book of Storms and begin reading...
 20932 | Lair:5   | Reached skill level 11 in Invocations
 21011 | Lair:2   | Reached ****** piety under Qazlal
 21590 | Lair:5   | Found a viscous altar of Jiyva.
 22979 | D:13     | Reached skill level 12 in Invocations
 23172 | D:13     | Reached skill level 11 in Fighting
 23172 | D:13     | Reached skill level 7 in Shields
 23173 | D:13     | Noticed Kirke
 23183 | D:13     | Killed Kirke
 23193 | D:13     | Reached XP level 15. HP: 116/129 MP: 23/23
 23288 | D:13     | Found a sacrificial altar of Ru.
 23292 | D:13     | You pick up a book of Displacement and begin reading...
 24322 | D:14     | Noticed Ytheofip's ghost (journeyman FoFi)
 24323 | D:14     | Found a runed translucent door.
 24396 | D:13     | Reached skill level 8 in Shields
 24481 | D:14     | Reached skill level 12 in Fighting
 24616 | D:14     | Found a gate to the Vaults.
 24787 | D:14     | Found a shimmering blue altar of Sif Muna.
 25114 | D:15     | Entered Level 15 of the Dungeon
 25621 | D:15     | Found a staircase to the Depths.
 25923 | D:15     | Reached skill level 9 in Shields
 26639 | Orc:1    | Entered Level 1 of the Orcish Mines
 26666 | Orc:1    | Noticed Fannar
 26682 | Orc:1    | Killed Fannar
 27147 | Orc:1    | You pick up a book of Changes and begin reading...
 27275 | Orc:2    | Entered Level 2 of the Orcish Mines
 27275 | Orc:2    | Noticed Urug
 27285 | Orc:1    | Killed Urug
 27663 | Orc:1    | Reached skill level 10 in Shields
 28417 | Orc:2    | Found a staircase to the Elven Halls.
 28777 | Orc:2    | Found Casomock's Armour Shop.
 28777 | Orc:2    | Found Ucku's Magic Scroll Emporium.
 28779 | Orc:2    | Found Ylesh's Weapon Shop.
 28779 | Orc:2    | Found Obufe's Magic Scroll Emporium.
 28793 | Orc:2    | Bought a scroll of enchant armour for 97 gold pieces
 28798 | Orc:2    | Bought a scroll of silence for 142 gold pieces
 29051 | D:3      | Killed Juicyj's ghost
 29356 | Snake:1  | Entered Level 1 of the Snake Pit
 29540 | Snake:1  | Noticed Aizul
 29574 | Snake:1  | Killed Aizul
 29582 | Snake:1  | Reached skill level 4 in Dodging
 30115 | Snake:1  | Reached XP level 16. HP: 112/141 MP: 24/24
 30123 | Snake:1  | HP: 30/141 [salamander tyrant (7)]
 30818 | Snake:1  | Found a runed translucent door.
 30819 | Snake:1  | Noticed Kemp's ghost (adept MiMo)
 30859 | Snake:2  | Identified a +0 robe of the Archmagi
 31846 | Snake:2  | Reached skill level 5 in Dodging
 31981 | Snake:2  | You pick up a book of the Wilderness and begin reading...
 31981 | Snake:2  | You add the spells Summon Forest, Summon Mana Viper and
                  | Summon Cactus Giant to your library.
 32058 | Snake:2  | Reached skill level 13 in Fighting
 32171 | Snake:2  | Noticed Vashnia
 32300 | Snake:2  | Killed Vashnia
 32301 | Snake:2  | Reached skill level 11 in Shields
 33720 | Snake:3  | Reached skill level 17 in Unarmed Combat
 33771 | Snake:3  | Reached skill level 13 in Armour
 33771 | Snake:3  | Reached skill level 6 in Dodging
 34082 | Snake:3  | Identified Roxanne's Grimoire of Clay
 34082 | Snake:3  | Noticed Roxanne
 34366 | Snake:3  | Noticed Louise
 34429 | Snake:3  | Killed Louise
 34504 | Snake:3  | Reached XP level 17. HP: 113/151 MP: 25/25
 35069 | Snake:3  | Reached skill level 14 in Fighting
 35070 | Snake:3  | Reached skill level 7 in Dodging
 35410 | Snake:4  | Entered Level 4 of the Snake Pit
 35854 | Snake:4  | Reached skill level 12 in Shields
 36126 | Snake:3  | HP: 38/152 [shock serpent (2)]
 36463 | Snake:4  | Reached skill level 8 in Dodging
 36558 | Snake:4  | Identified the +1 robe "Pigunwuz" {SInv}
 36692 | Snake:4  | Found a runed translucent gate.
 36693 | Snake:4  | Found a runed translucent gate.
 36694 | Snake:4  | Found a runed translucent gate.
 36696 | Snake:4  | Noticed Lexicon's ghost (adept GrEE)
 36716 | Snake:4  | Killed Lexicon's ghost
 37036 | Snake:4  | Reached skill level 9 in Dodging
 37438 | Snake:4  | Reached skill level 10 in Dodging
 37734 | Snake:4  | Noticed a quicksilver dragon
 37743 | Snake:4  | Noticed a quicksilver dragon
 37750 | Snake:4  | Killed a quicksilver dragon
 37764 | Snake:4  | Killed a quicksilver dragon
 38034 | Snake:4  | Got a serpentine rune of Zot
 38189 | Shoals:1 | Entered Level 1 of the Shoals
 38842 | Shoals:1 | Reached XP level 18. HP: 144/160 MP: 26/26
 39957 | Shoals:2 | Found Wuloirgh's Assorted Antiques.
 39977 | Shoals:2 | Found Aclocloo's General Store.
 40315 | Shoals:2 | Reached skill level 11 in Dodging
 40389 | Shoals:2 | Bought a scroll of enchant armour for 240 gold pieces
 40390 | Shoals:2 | Found Maraq's Weapon Boutique.
 40594 | Shoals:2 | Found Qott's Antique Weapon Shop.
 40723 | Shoals:2 | Found Idaofyw's Distillery.
 40769 | Shoals:2 | Bought a potion of invisibility for 120 gold pieces
 41230 | Shoals:3 | Identified the +1 war axe of Ryzxameu {venom, rF++}
 41475 | Shoals:3 | Reached skill level 13 in Shields
 41658 | Shoals:3 | You pick up a book of the Earth and begin reading...
 41797 | Shoals:3 | Reached skill level 18 in Unarmed Combat
 41846 | Shoals:3 | Reached skill level 14 in Armour
 42334 | Shoals:4 | Entered Level 4 of the Shoals
 42667 | Shoals:4 | You pick up a book of the Dragon and begin reading...
 43150 | Shoals:4 | Upgraded the game from 0.30-a0-862-g1aabd4f9c5 to
                  | 0.30-a0-867-g305f33218d
 44165 | Shoals:4 | Got a barnacled rune of Zot
 44219 | Shoals:4 | Identified the +2 ring mail "Nuhif" {rPois rCorr Str+6
                  | Dex-4}
 44549 | Shoals:4 | Reached skill level 12 in Dodging
 44610 | Shoals:4 | Reached XP level 19. HP: 145/167 MP: 27/27
 44640 | Shoals:4 | You add the spells Blink and Call Canine Familiar to your
                  | library.
 44640 | Shoals:4 | Got the Teachings on the Creative Blink Frog
 45220 | Vaults:1 | Entered Level 1 of the Vaults
 45493 | Vaults:1 | Reached skill level 19 in Unarmed Combat
 45505 | Vaults:1 | Reached skill level 15 in Armour
 46994 | Vaults:1 | Noticed Asterion
 47028 | Vaults:1 | Killed Asterion
 47488 | Vaults:1 | Reached skill level 20 in Unarmed Combat
 47714 | Vaults:1 | Reached skill level 16 in Armour
 48324 | Vaults:2 | Reached XP level 20. HP: 129/174 MP: 8/28
 49096 | Shoals:2 | Bought a shiny helmet for 240 gold pieces
 50438 | Vaults:3 | Found Fuxtik's Jewellery Shop.
 50493 | Vaults:3 | Reached skill level 13 in Invocations
 51122 | Vaults:3 | HP: 19/176 [something (39)]
 51136 | Vaults:3 | Paralysed by a vampire knight for 5 turns
 51139 | Vaults:3 | HP: 26/176 [vampire knight/+2 heavy great sword (20)]
 51140 | Vaults:3 | Demolished by a vampire knight

Vanquished Creatures
  Vashnia (Snake:2)
  Asterion (Vaults:1)
  A quicksilver dragon (Snake:4)
  2 krakens
  2 sphinxes
  Gastronok (D:11)
  Kirke (D:13)
  The ghost of Lexicon the Metallomancer, an adept GrEE of Vehumet (Snake:4)
  4 nagarajas (Snake:4)
  Louise (Snake:3)
  Aizul (Snake:1)
  5 vault wardens
  12 ironbound preservers
  A very ugly thing (D:14)
  4 ironbound thunderhulks
  A stone giant (D:14)
  A war gargoyle (Vaults:3)
  A minotaur (Gauntlet)
  7 dire elephants (Vaults:1)
  7 slime creatures
  5 merfolk javelineers
  5 merfolk impalers
  An entropy weaver (shapeshifter) (D:15)
  An entropy weaver (Vaults:2)
  A fire dragon (D:15)
  2 great orbs of eyes
  2 vault guards (Vaults:3)
  An ice dragon (D:15)
  5 hydras
  A yaktaur captain (Vaults:2)
  5 salamander tyrants
  A peacekeeper (Vaults:3)
  3 merfolk avatars
  Fannar (Orc:1)
  A boulder beetle (D:13)
  An ogre mage (Vaults:3)
  3 catoblepae
  2 merfolk aquamancers
  12 centaur warriors
  Erica (Lair:2)
  9 ironbound frosthearts
  5 two-headed ogres
  5 anacondas
  An alligator (Shoals:3)
  2 alligator snapping turtles
  18 naga warriors
  3 satyrs
  A vampire mage (Vaults:3)
  3 orc high priests (Orc:2)
  10 shock serpents
  Urug (Orc:1)
  7 skysharks
  11 naga sharpshooters
  3 salamander mystics (Snake:1)
  Amaemon (Lair:2)
  14 sea snakes
  47 deep trolls
  A death drake (shapeshifter) (D:11)
  6 naga ritualists
  6 lindwurms
  7 ironbound convokers
  6 wizards
  Pikel (D:4)
  6 orc knights
  4 deep elf pyromancers
  22 harpies
  A necromancer (Vaults:1)
  12 ugly things
  4 cyclopes
  27 manticores
  4 orc sorcerers
  9 mana vipers
  3 oklob plants
  16 fauns
  A frost giant zombie (Vaults:1)
  19 salamanders
  8 merfolk sirens
  20 naga magi
  6 guardian serpents
  Joseph (D:9)
  An apocalypse crab (Gauntlet)
  33 black mambas
  8 water nymphs
  7 vault sentinels
  2 unseen horrors
  15 elephants
  4 gargoyles
  An orange demon (Lair:3)
  8 cane toads
  A rime drake (Lair:5)
  13 yaktaurs
  2 efreet
  11 komodo dragons
  A freezing wraith (Vaults:1)
  A yaktaur (shapeshifter) (D:13)
  A yaktaur skeleton (Vaults:1)
  45 merfolk
  3 meliai (D:13)
  9 trolls
  A queen bee (D:11)
  Grinder (D:5)
  4 polar bears
  4 wind drakes
  11 hornets
  18 blink frogs
  10 snapping turtles
  A flying skull (Vaults:3)
  A centaur simulacrum (D:11)
  5 shadows
  5 wraiths
  5 vampires
  5 water elementals
  2 basilisks (Lair:1)
  28 yaks
  14 spriggans (Lair:5)
  2 wyverns (Lair:1)
  A hog (D:13)
  3 steam dragons
  10 vampire mosquitoes
  3 redbacks (Vaults:2)
  The ghost of Juicyj the Magician, an amateur DjCj (D:3)
  3 acid dragons
  39 nagas
  2 floating eyes
  11 water moccasins
  3 ice beasts (D:5)
  30 orc warriors
  2 sky beasts
  An ice beast (shapeshifter) (D:14)
  7 black bears
  A human zombie (Vaults:1)
  9 ogres
  3 boggarts (Lair:5)
  21 wolves
  6 centaurs
  3 lemures (D:4)
  2 phantoms (D:5)
  13 bullfrogs
  A gnoll sergeant (D:7)
  10 wights (D:8)
  52 killer bees
  6 howler monkeys
  3 electric eels
  5 jellies
  18 orc priests
  2 hounds (D:6)
  A gnoll bouda (D:7)
  An iguana (D:7)
  21 orc wizards
  10 gnolls
  10 adders
  A white imp (D:8)
  An ufetubus (D:5)
  5 worms
  2 dart slugs (D:1)
  72 orcs
  5 ball pythons
  6 bats
  7 endoplasms
  2 giant cockroaches
  6 goblins
  6 hobgoblins
  2 quokkas
  4 frilled lizards
  3 kobolds
  9 rats
  8 tentacles
1176 creatures vanquished.

Vanquished Creatures (collateral kills)
  A quicksilver dragon (Snake:4)
  A vault warden (Vaults:2)
  A merfolk javelineer (Shoals:4)
  2 manticores (Shoals:4)
5 creatures vanquished.

Vanquished Creatures (others)
  A merfolk impaler (Shoals:1)
  A sea snake (Shoals:2)
  2 fauns (Shoals:2)
  A wind drake (Shoals:4)
  A human (D:13)
  An orc wizard (Orc:2)
  14 demonic plants (Gauntlet)
  22 fungi
  99 plants
  7 tentacles
  2 withered plants (Lair:3)
151 creatures vanquished.

Grand Total: 1332 creatures vanquished

Table legend:
 A = Non-vault XP
 B = Vault XP
 C = Vault XP percentage of total XP
 D = Non-vault monster count
 E = Vault monster count
 F = Vault count percentage of total count
                 A         B        C        D         E       F
            +---------+---------+-------+---------+---------+-------
      Total |  280231 |  168851 |  37.6 |     801 |     374 |  31.8
            +---------+---------+-------+---------+---------+-------
        D:1 |      42 |       0 |   0.0 |      16 |       0 |   0.0
        D:2 |      54 |       2 |   3.6 |      18 |       1 |   5.3
        D:3 |      54 |     243 |  81.8 |      20 |       7 |  25.9
        D:4 |     138 |     620 |  81.8 |      13 |       2 |  13.3
        D:5 |    1127 |     286 |  20.2 |      11 |       1 |   8.3
        D:6 |     936 |       0 |   0.0 |      13 |       0 |   0.0
        D:7 |    2017 |       0 |   0.0 |      32 |       0 |   0.0
        D:8 |    3658 |     229 |   5.9 |      38 |       2 |   5.0
        D:9 |    1060 |     460 |  30.3 |       4 |       1 |  20.0
       D:10 |    3384 |    1803 |  34.8 |      30 |      16 |  34.8
       D:11 |    4293 |    8378 |  66.1 |      35 |      46 |  56.8
       D:12 |    3080 |       5 |   0.2 |       9 |       1 |  10.0
       D:13 |   10262 |    1579 |  13.3 |      19 |       2 |   9.5
       D:14 |    8083 |    5922 |  42.3 |      13 |       7 |  35.0
       D:15 |    4445 |    1771 |  28.5 |       6 |       2 |  25.0
     Lair:1 |    6623 |    4092 |  38.2 |      22 |      15 |  40.5
     Lair:2 |    4061 |    1588 |  28.1 |      14 |       2 |  12.5
     Lair:3 |   14937 |    2850 |  16.0 |      42 |       6 |  12.5
     Lair:4 |    5221 |     563 |   9.7 |      17 |       2 |  10.5
     Lair:5 |    5785 |    8912 |  60.6 |      15 |      50 |  76.9
   Shoals:1 |   23830 |       0 |   0.0 |      44 |       0 |   0.0
   Shoals:2 |   15495 |       0 |   0.0 |      29 |       0 |   0.0
   Shoals:3 |   18531 |    6065 |  24.7 |      41 |      10 |  19.6
   Shoals:4 |    9503 |   13859 |  59.3 |      20 |      25 |  55.6
    Snake:1 |    7196 |    9393 |  56.6 |      14 |      16 |  53.3
    Snake:2 |   24968 |    7356 |  22.8 |      50 |       8 |  13.8
    Snake:3 |   17677 |    3877 |  18.0 |      37 |       6 |  14.0
    Snake:4 |   15224 |   21566 |  58.6 |      33 |      27 |  45.0
      Orc:1 |    4008 |    1800 |  31.0 |      42 |      10 |  19.2
      Orc:2 |     427 |    7309 |  94.5 |       9 |      30 |  76.9
   Vaults:1 |   30294 |   23366 |  43.5 |      42 |      29 |  40.8
   Vaults:2 |    9586 |   23983 |  71.4 |      16 |      32 |  66.7
   Vaults:3 |   23393 |    7415 |  24.1 |      36 |      11 |  23.4
   Vaults:4 |     839 |       0 |   0.0 |       1 |       0 |   0.0
   Gauntlet |       0 |    3559 | 100.0 |       0 |       7 | 100.0
            +---------+---------+-------+---------+---------+-------

Illustrated notes

Table legend:
 A = Kills in this place as a percentage of kills in the entire game.
 B = Kills by you in this place as a percentage of kills by you in the entire game.
 C = Kills by friends in this place as a percentage of kills by friends in the entire game.
 D = Other kills in this place as a percentage of other kills in the entire game.
 E = Experience gained in this place as a percentage of experience gained in the entire game.
 F = Experience gained in this place divided by the number of levels of this place that you have seen.
                   A       B       C       D       E      F
               +-------+-------+-------+-------+-------+----------------------
         Total | 100.0 | 100.0 | 100.0 | 100.0 | 100.0 | 12474.5
       Dungeon |  31.1 |  31.3 |   0.0 |   0.0 |  14.2 | 4262.1
          Lair |  15.7 |  15.9 |   0.0 |   0.0 |  12.2 | 10926.4
        Shoals |  14.4 |  13.8 |  60.0 | 100.0 |  19.4 | 21820.8
     Snake Pit |  16.3 |  16.3 |  20.0 |   0.0 |  23.9 | 26814.2
  Orcish Mines |   7.7 |   7.8 |   0.0 |   0.0 |   3.0 | 6772.0
        Vaults |  14.2 |  14.2 |  20.0 |   0.0 |  26.5 | 29719.0
      Gauntlet |   0.6 |   0.6 |   0.0 |   0.0 |   0.8 | 3559.0
               +-------+-------+-------+-------+-------+----------------------

Table legend: (Time is in decaauts)
 A = Elapsed time spent in this place.
 B = Non-inter-level travel time spent in this place.
 C = Inter-level travel time spent in this place.
 D = Time resting spent in this place.
 E = Time spent auto-exploring this place.
 F = Levels seen in this place.
 G = Mean time per level.
                   A        B        C        D        E       F      G
               +--------+--------+--------+--------+--------+-----+--------+
         Total |  52431 |  48457 |   3974 |  13032 |  19431 |  36 | 1456.4 |
       Dungeon |  20206 |  18524 |   1682 |   4716 |   9787 |  15 | 1347.1 |
        Temple |    238 |    219 |     19 |      0 |    190 |   1 |  238.0 |
          Lair |   7760 |   6867 |    893 |   1310 |   3147 |   5 | 1552.0 |
        Shoals |   7254 |   6878 |    376 |   2311 |   1734 |   4 | 1813.5 |
     Snake Pit |   9075 |   8616 |    459 |   3198 |   2198 |   4 | 2268.8 |
  Orcish Mines |   1916 |   1798 |    118 |    418 |    601 |   2 |  958.0 |
        Vaults |   5327 |   4902 |    425 |    998 |   1650 |   4 | 1331.8 |
      Gauntlet |    652 |    652 |      0 |     80 |    121 |   1 |  652.0 |
               +--------+--------+--------+--------+--------+-----+--------+

Top non-repeatable levels by time:
Vaults:1: 2733 daAuts
 Snake:2: 2710 daAuts
    D:10: 2570 daAuts
    D:11: 2549 daAuts
Shoals:3: 2408 daAuts
 Snake:4: 2395 daAuts
     D:8: 2222 daAuts
  Lair:3: 2052 daAuts
 Snake:3: 2013 daAuts
 Snake:1: 1955 daAuts
Shoals:1: 1838 daAuts
Shoals:4: 1729 daAuts
Vaults:2: 1631 daAuts
  Lair:5: 1593 daAuts
    D:14: 1536 daAuts
